 Dungeon Crawl Stone Soup version 0.31-a0-219-g8d62b2e7bb (webtiles) character file.

Game seed: 14015826336365863187

28 juan097 the Shield-Bearer (level 3, -1/29 HPs)
             Began as a Formicid Fighter on July 3, 2023.
             Slain by a goblin
             ... wielding a +0 club
             ... led by Robin
              (3 damage)
             ... on level 2 of the Dungeon.
             The game lasted 00:01:34 (971 turns).

juan097 the Shield-Bearer (Formicid Fighter)         Turns: 971, Time: 00:01:34

Health: -1/29      AC:  8    Str: 22    XL:     3   Next: 27%
Magic:  3/3        EV:  9    Int:  7    God:
Gold:   40         SH:  5    Dex: 13    Spells: 2/2 levels left

rFire   . . .        a - +0 flail
rCold   . . .        c - +0 buckler
rNeg    . . .        b - +0 scale mail
rPois   .            (helmet unavailable)
rElec   .            e - +0 cloak
rCorr   .            (no gloves)
SInv    +            (no boots)
Will    .....        (no amulet) Stlth
                     (no ring)
HPRegen 0.24/turn    (no ring)
MPRegen 0.08/turn

%: no passive effects
@: mighty, lethally poisoned (-1 -> -10)
A: permanent stasis, dig shafts and tunnels, antennae 3, four strong arms
a: Dig, Shaft Self


You were on level 2 of the Dungeon.
You visited 1 branch of the dungeon, and saw 2 of its levels.

You collected 40 gold pieces.

Inventory:

Hand Weapons
 a - a +0 flail (weapon)
Armour
 b - a +0 scale mail (worn)
 c - a +0 buckler (worn)
 e - a +0 cloak (worn)


   Skills:
 + Level 3.6 Fighting
 * Level 2.6 Maces & Flails
 - Level 3.2 Armour
 + Level 1.3 Stealth
 + Level 4.3 Shields


You had 2 spell levels left.
You didn't know any spells.
Your spell library contained the following spells:

 Spells                   Type           Power      Damage    Failure   Level
 Ozocubu's Armour         Ice            0%         N/A       99%         3
 Ozocubu's Refrigeration  Ice            0%         4d7       100%        7


Dungeon Overview and Level Annotations

Branches:
Dungeon (2/15)

Altars:


Innate Abilities, Weirdness & Mutations

You cannot be hasted, slowed, berserked, paralysed or teleported.
You can dig through walls and to a lower floor.
You have a pair of large antennae on your head. (SInv)
Your four strong arms can wield two-handed weapons with a shield.


Message History

The hobgoblin barely misses you. The hobgoblin hits you.
You hit Robin.
Robin is moderately wounded.
Robin hits you but does no damage. The hobgoblin closely misses you.
You hit Robin but do no damage.
Robin is moderately wounded.
The hobgoblin barely misses you.
You hit Robin but do no damage.
Robin is moderately wounded.
The hobgoblin hits you. Robin hits you but does no damage.
You are poisoned.
You block the hobgoblin's attack. You block the goblin's attack.
You hit Robin.
Robin is heavily wounded.
You feel very sick. The goblin hits you with a +0 club.
The hobgoblin hits you but does no damage.
You are too injured to fight recklessly!
You are too injured to fight recklessly!
You are too injured to fight recklessly!
You are too injured to fight recklessly!
You are too injured to fight recklessly!
You are too injured to fight recklessly!
You are too injured to fight recklessly!
You are too injured to fight recklessly!
You feel very mighty all of a sudden.
You feel sick. The goblin barely misses you.
Robin hits you with a +3 short sword of venom.
* * * LOW HITPOINT WARNING * * *
You are lethally poisoned!
You block the hobgoblin's attack.
A quokka comes into view.
You bludgeon Robin!!
You kill Robin!
* * * LOW HITPOINT WARNING * * *
You feel very sick. The hobgoblin hits you.
* * * LOW HITPOINT WARNING * * *
The goblin hits you with a +0 club.
You die...

########..
#####........#
#.....<......#
#.###.######.#
###.###.######.#
.......)g.......
#######@######..
#####g######..#.
#....g..{{..g...
#.#..##+#....!##
#..## ###..# #..
## #.. ..r ##.


You could see a quokka, 2 hobgoblins and a goblin (strong).

Vanquished Creatures
  Robin (D:2)
  A dart slug (D:1)
  3 ball pythons (D:1)
  3 endoplasms (D:1)
  2 giant cockroaches (D:1)
  6 goblins
  A hobgoblin (D:1)
  A kobold (D:1)
  A quokka (D:1)
  A bat (D:1)
  A rat (D:1)
21 creatures vanquished.

Notes
Turn   | Place    | Note
-------+----------+-------------------------------------------
     0 | D:1      | juan097 the Formicid Fighter began the quest for the Orb.
     0 | D:1      | Reached XP level 1. HP: 18/18 MP: 1/1
   178 | D:1      | Reached XP level 2. HP: 24/24 MP: 2/2
   405 | D:1      | Reached skill level 1 in Stealth
   499 | D:1      | Reached XP level 3. HP: 29/29 MP: 3/3
   960 | D:2      | Noticed Robin
   971 | D:2      | Killed Robin
   971 | D:2      | Slain by a goblin

Illustrated notes

Levels and vault maps discovered:
D:1:      heliophobic_arrival_henge, layout_basic, minmay_misc_feat_diagonals
D:2:      layout_loops_ring, kennysheep_nondescript, minivault_23,
          chequers_serial_rivers_micro_c, uniq_sigmund, uniq_terence, uniq_robin

Skill      XL: |  1  2 |
---------------+-------+-----
Stealth        | 1 |  1.3
Fighting       | |  3.6
Maces & Flails | |  2.6
Armour         | |  3.2
Shields        | |  4.3

Action                     || total
---------------------------++-------
  Melee: Flail             ||    66
    Use: Potion            ||     1
 Armour: Scale mail        ||    23
  Dodge: Dodged            ||    38
  Block: Buckler           ||    11

Table legend: (Time is in decaauts)
 A = Elapsed time spent in this place.
 B = Non-inter-level travel time spent in this place.
 C = Inter-level travel time spent in this place.
 D = Time resting spent in this place.
 E = Time spent auto-exploring this place.
 F = Levels seen in this place.
 G = Mean time per level.
                   A        B        C        D        E       F      G
               +--------+--------+--------+--------+--------+-----+--------+
         Total |    991 |    974 |     17 |      0 |    791 |   2 |  495.5 |
       Dungeon |    991 |    974 |     17 |      0 |    791 |   2 |  495.5 |
               +--------+--------+--------+--------+--------+-----+--------+

Top non-repeatable levels by time:
     D:1: 955 daAuts
     D:2: 35 daAuts
